 Dungeon Crawl Stone Soup version 0.31-a0-1172-g9944ec47dd (webtiles) character file.

Game seed: 1477285209320111583

3 bmb222 the Sneak (level 1, -1/18 HPs)
             Began as a Demonspawn Delver on Dec 10, 2023.
             Slain by a scorpion (3 damage)
             ... on level 4 of the Dungeon.
             The game lasted 00:00:35 (242 turns).

bmb222 the Sneak (Demonspawn Delver)                 Turns: 242, Time: 00:00:35

Health: -1/18      AC:  3    Str: 12    XL:     1   Next: 41%
Magic:  1/1        EV: 11    Int: 10    God:
Gold:   10         SH:  0    Dex: 14    Spells: 0/0 levels left

rFire   . . .        a - +0 mace
rCold   . . .        (no shield)
rNeg    . . .        b - +0 leather armour
rPois   .            (no helmet)
rElec   .            (no cloak)
rCorr   .            (no gloves)
SInv    .            (no boots)
Will    .....        (no amulet)
Stlth   +++          (no ring)
HPRegen 0.23/turn    (no ring)
MPRegen 0.07/turn

%: no passive effects
@: hasted, very quick
A: no striking features
a: no special abilities


You were on level 4 of the Dungeon.
You visited 1 branch of the dungeon, and saw 2 of its levels.

You collected 10 gold pieces.

Inventory:

Hand Weapons
 a - a +0 mace (weapon)
Armour
 b - a +0 leather armour (worn)
Wands
 g - a wand of digging (3)
Scrolls
 c - a scroll of fog
 e - a scroll of fear


   Skills:
 + Level 3.0 Fighting
 + Level 1.7 Maces & Flails
 + Level 1.7 Dodging
 + Level 4.7 Stealth


You couldn't memorise any spells.
You didn't know any spells.
Your spell library was empty.

Dungeon Overview and Level Annotations

Branches:
Dungeon (5/15)
 Temple: D:4-7

Altars:


Message History

You hit the jackal.
The jackal is severely wounded.
The jackal completely misses you. The jackal barely misses you.
The jackal bites you.
You closely miss the jackal.
The jackal is severely wounded.
The jackal closely misses you.
You barely miss the jackal.
The jackal is severely wounded.
The jackal barely misses you.
The jackal bites you but does no damage.
You hit the jackal.
You kill the jackal!
You closely miss the jackal.
The jackal bites you but does no damage.
You closely miss the jackal. The jackal bites you.
You hit the scorpion but do no damage. You hit the scorpion but do no damage.
The scorpion stings you.
You completely miss the scorpion. The scorpion stings you.
You closely miss the scorpion. The scorpion stings you.
You hit the scorpion but do no damage. The scorpion stings you.
You barely miss the scorpion.
The scorpion stings you but does no damage.
You hit the scorpion.
The scorpion is lightly wounded.
The scorpion misses you.
You closely miss the scorpion.
The scorpion is lightly wounded.
The scorpion stings you.
* * * LOW HITPOINT WARNING * * *
You hit the scorpion but do no damage.
The scorpion is lightly wounded.
The jackal pauses to sniff the ground.
The scorpion stings you but does no damage.
You hit the scorpion but do no damage.
The scorpion is lightly wounded.
The scorpion stings you.
* * * LOW HITPOINT WARNING * * *
The scorpion stings you.
You die...

#..# #..# .... #..#
##..# ... #.# ####
#.# $.. #@# #.#####
#s#
#.....#####h###.#
####.....o...hoS..#
#.....>..###S$...#.#
#.##.....# #....##
#.o...# #)#.##
#.##### ..#.# ...
......


You could see a scorpion, an adder, an orc and 2 jackals.

Vanquished Creatures
  An orc (D:5)
  A jackal (D:4)
2 creatures vanquished.

Notes
Turn   | Place    | Note
-------+----------+-------------------------------------------
     0 | D:5      | bmb222 the Demonspawn Delver began the quest for the Orb.
     0 | D:5      | Reached XP level 1. HP: 18/18 MP: 1/1
    73 | D:5      | Noticed a jelly
   210 | D:5      | Noticed an ice beast
   216 | D:4      | Noticed a scorpion
   242 | D:4      | Slain by a scorpion

Illustrated notes

Levels and vault maps discovered:
D:4:      lemuel_castle_with_subvaults [lemuel_castle_interior_original],
          layout_loops_corners, nicolae_ru_path_of_blood, uniq_grinder,
          uniq_eustachio
D:5:      minmay_inner_zag, layout_loops_ring, gammafunk_ghost_abyssal_escape,
          feat_on_display

Action                     || total
---------------------------++-------
  Melee: Mace              ||    30
    Use: Scroll            ||     1
         Potion            ||     1
 Armour: Leather armour    ||    26
  Dodge: Dodged            ||    15

Table legend: (Time is in decaauts)
 A = Elapsed time spent in this place.
 B = Non-inter-level travel time spent in this place.
 C = Inter-level travel time spent in this place.
 D = Time resting spent in this place.
 E = Time spent auto-exploring this place.
 F = Levels seen in this place.
 G = Mean time per level.
                   A        B        C        D        E       F      G
               +--------+--------+--------+--------+--------+-----+--------+
         Total |    242 |    242 |      0 |    149 |      8 |   2 |  121.0 |
       Dungeon |    242 |    242 |      0 |    149 |      8 |   2 |  121.0 |
               +--------+--------+--------+--------+--------+-----+--------+

Top non-repeatable levels by time:
     D:5: 214 daAuts
     D:4: 27 daAuts
